 Dungeon Crawl Stone Soup version 0.28-a0-172-g787e458d71 (webtiles) character file.

Game seed: 13233661684772507786

368 rabbitsville the Skirmisher (level 6, -3/57 HPs)
             Began as a Hill Orc Fighter on Aug 16, 2021.
             Was an Initiate of Beogh.
             Killed by nerve-wracking pain
             ... invoked by an orc priest
              (14 damage)
             ... on level 5 of the Dungeon.
             The game lasted 00:13:53 (4666 turns).

rabbitsville the Skirmisher (Hill Orc Fighter)      Turns: 4666, Time: 00:13:53

Health: -3/57      AC:  6    Str: 21    XL:     6   Next: 69%
Magic:  6/6        EV:  7    Int:  8    God:    Beogh [......]
Gold:   167        SH:  8    Dex: 10    Spells: 5/5 levels left

rFire   . . .      SeeInvis .   a - +0 war axe
rCold   . . .      Faith    .   c - +0 kite shield
rNeg    . . .      Spirit   .   b - +0 scale mail
rPois   .          Reflect  .   k - +0 hat
rElec   .          Harm     .   (no cloak)
rCorr   .          Rampage  .   (no gloves)
Will    .....                   (no boots)
Stlth   ..........              (no amulet)
HPRegen 0.19/turn               (no ring)
MPRegen 0.10/turn               (no ring)

@: no status effects
A: no striking features
a: Renounce Religion


You were on level 5 of the Dungeon.
You worshipped Beogh.
Beogh was noncommittal.
You visited 1 branch of the dungeon, and saw 5 of its levels.

You collected 167 gold pieces.

Inventory:

Hand Weapons
 a - a +0 war axe (weapon)
Missiles
 d - 11 boomerangs
 j - 17 poisoned darts (quivered)
 r - 8 silver boomerangs
Armour
 b - a +0 scale mail (worn)
 c - a +0 kite shield (worn)
 k - a +0 hat (worn)
Scrolls
 e - 2 scrolls of teleportation
 g - 4 scrolls of identify {unknown}
 h - 2 scrolls of amnesia {unknown}
 l - a scroll of acquirement {unknown}
 m - 2 scrolls of enchant armour {unknown}
 o - a scroll of noise {unknown}
 q - a scroll of immolation {unknown}
Potions
 f - a potion of brilliance {unknown}
 i - a potion of magic {unknown}
 n - 2 potions of curing {unknown}
 p - a potion of heal wounds {unknown}


   Skills:
 + Level 5.8 Fighting
 + Level 5.6 Axes
 - Level 3.2 Armour
 + Level 5.3 Shields


You had 5 spell levels left.
You didn't know any spells.
Your spell library contained the following spells:

 Spells                   Type           Power      Damage    Failure   Level
 Apportation              Tloc           0%         N/A       99%         1
 Summon Lightning Spire   Summ/Air       0%         N/A       100%        4
 Alistair's Intoxication  Tmut/Pois      0%         N/A       100%        5
 Invisibility             Hex            0%         N/A       100%        6
 Storm Form               Tmut/Air       0%         N/A       100%        7
 Maxwell's Capacitive Co  Air            0%         ∞         100%        8


Dungeon Overview and Level Annotations

Branches:
Dungeon (5/15)
 Temple: D:4-7

Altars:
Ashenzari
Elyvilon
Makhleb
Wu Jian

Annotations:
D:3 2 transporters
D:4 Blork the orc, Grinder


Message History

You block the centaur zombie's attack.
You hit the centaur zombie.
The centaur zombie is almost destroyed.
You hit the orc priest. The centaur zombie hits you.
The centaur zombie kicks you but does no damage.
You block the orc priest's attack. The centaur zombie closely misses you.
The centaur zombie kicks you.
* * * LOW HITPOINT WARNING * * *
The orc priest hits you with a +0 club.
* * * LOW HITPOINT WARNING * * *
The centaur zombie barely misses you. x2
Found 2 scrolls labelled HONAM AROUKIS.
You hit the centaur zombie.
The centaur zombie is almost destroyed.
You barely miss the orc priest. You block the centaur zombie's attack.
The centaur zombie kicks you but does no damage.
The orc priest hits you with a +0 club.
* * * LOW HITPOINT WARNING * * *
The centaur zombie hits you but does no damage.
The centaur zombie barely misses you.
You hit the centaur zombie.
The centaur zombie is almost destroyed.
You hit the orc priest. The centaur zombie barely misses you.
The centaur zombie kicks you but does no damage.
The orc priest closely misses you. You block the centaur zombie's attack.
The centaur zombie kicks you.
* * * LOW HITPOINT WARNING * * *
You block the orc priest's attack.
The gnoll shouts!
You slash the centaur zombie!
You destroy the centaur zombie!
Beogh accepts your kill.
You closely miss the orc priest.
You hear a shout!
The orc priest hits you with a +0 club.
* * * LOW HITPOINT WARNING * * *
The orc priest calls down the wrath of Beogh upon you.
Pain shoots through your body!
You die...
Beogh appreciates the orc priest's killing of a heretic priest.

#....# ##### #..<.#
#...## ## .. #....#
####..# . ... #....#
#.g...###. .... #....#
#.##.##..##..## #....#
#.##.#.......?# #....#
#.##...........
#....####g##....>......
#.........##.#.@......#
#....#######.#........#
####.#######...o.......
#.......#...........
#........##........#
#.........##g.##..##
#.#.###...##...##...
#.#...#........# #.#
#...#.#..#.........#


You could see an orc priest and a gnoll.

Vanquished Creatures
  A scorpion (D:4)
  A centaur zombie (D:5)
  A centaur skeleton (D:5)
  Jessica (D:2)
  2 iguanas
  A hound skeleton (D:4)
  2 gnolls (D:5)
  7 adders
  A worm (D:2)
  4 dart slugs
  An orc (D:4)
  8 ball pythons
  9 bats
  6 endoplasms
  3 giant cockroaches
  6 goblins
  4 hobgoblins
  4 kobolds
  2 quokkas
  2 frilled lizards
  5 rats
71 creatures vanquished.

Vanquished Creatures (others)
  An orc (D:5)
  2 plants (D:2)
3 creatures vanquished.

Grand Total: 74 creatures vanquished

Notes
Turn   | Place    | Note
-------+----------+-------------------------------------------
     0 | D:1      | rabbitsville the Hill Orc Fighter began the quest for the
                  | Orb.
     0 | D:1      | Reached XP level 1. HP: 19/19 MP: 1/1
   271 | D:1      | Reached XP level 2. HP: 27/27 MP: 2/2
   307 | D:1      | Found a faded altar of an unknown god.
   932 | D:1      | Reached XP level 3. HP: 33/33 MP: 3/3
  1638 | D:2      | Noticed Jessica
  1642 | D:2      | Killed Jessica
  1643 | D:2      | Reached XP level 4. HP: 41/41 MP: 4/4
  2526 | D:3      | Found a white marble altar of Elyvilon.
  2691 | D:3      | Noticed a necrophage
  2692 | D:3      | Found a transporter.
  2699 | D:3      | Found a transporter.
  2699 | D:3      | Noticed a scorpion
  2701 | D:3      | Noticed a steam dragon
  2708 | D:3      | Found an ornate altar of the Wu Jian Council.
  2709 | D:3      | Found a broken altar of Ashenzari.
  2725 | D:3      | Reached XP level 5. HP: 45/47 MP: 5/5
  2898 | D:3      | Found a burning altar of Makhleb.
  3452 | D:3      | Reached skill level 5 in Fighting
  3503 | D:4      | Noticed Blork the orc
  3844 | D:4      | Reached skill level 5 in Axes
  3854 | D:4      | Reached skill level 5 in Shields
  3854 | D:4      | Reached XP level 6. HP: 35/56 MP: 6/6
  4321 | D:4      | Noticed Grinder
  4354 | D:4      | Paralysed by Grinder for 3 turns
  4362 | D:5      | Entered Level 5 of the Dungeon
  4362 | D:5      | Noticed an acid dragon
  4648 | D:5      | Became a worshipper of Beogh the Brigand
  4666 | D:5      | Killed from afar by an orc priest

Illustrated notes

Levels and vault maps discovered:
D:1:      dpeg_arrival_connections, layout_basic,
          shapermc_ecumenical_altar_totnotflames
D:2:      layout_loops_ring, serial_forest, infiniplex_forest_lined_4_way,
          infiniplex_forest_lined_3_way, infiniplex_forest_lined_room_,
          infiniplex_forest_clump_small, infiniplex_forest_clump_tiny,
          infiniplex_forest_join, infiniplex_forest_straight_1,
          infiniplex_forest_zigzag_1, infiniplex_forest_straight_3,
          infiniplex_forest_end_1, uniq_jessica
D:3:      layout_basic, lemuel_doored_altar, mainiacjoe_overflow_paths,
          gammafunk_temple_overflow_arena, kennysheep_crisscross,
          kennysheep_generic_room_3
D:4:      layout_rooms, uniq_blork_the_orc, uniq_grinder
D:5:      layout_basic, zin_academy, serial_shops,
          nicolae_shop_competitors_out_of_business, st_stairs_5,
          lemuel_old_faithful

Skill      XL: |  1  2  3  4  5 |
---------------+----------------+-----
Axes           | 3 4 5 |  5.6
Fighting       | 4 5 |  5.8
Shields        | 4 5 |  5.3
Armour         | |  3.2

Action                   |  1- 3 |  4- 6 || total
-------------------------+-------+-------++-------
Melee: War axe           |    89 |   135 ||   224
Invok: Convert to Beogh  |       |     1 ||     1
  Use: Potion            |     1 |       ||     1
       Scroll            |       |     1 ||     1
Armor: Scale mail        |    47 |    62 ||   109
Dodge: Dodged            |    42 |    47 ||    89
Block: Kite shield       |    39 |    82 ||   121

Table legend: (Time is in decaauts)
 A = Elapsed time spent in this place.
 B = Non-inter-level travel time spent in this place.
 C = Inter-level travel time spent in this place.
 D = Time resting spent in this place.
 E = Time spent auto-exploring this place.
 F = Levels seen in this place.
 G = Mean time per level.
                   A        B        C        D        E       F      G
               +--------+--------+--------+--------+--------+-----+--------+
         Total |   4783 |   4607 |    176 |    869 |   2383 |   5 |  956.6 |
       Dungeon |   4783 |   4607 |    176 |    869 |   2383 |   5 |  956.6 |
               +--------+--------+--------+--------+--------+-----+--------+

Top non-repeatable levels by time:
     D:1: 1453 daAuts
     D:3: 1239 daAuts
     D:2: 1031 daAuts
     D:4: 747 daAuts
     D:5: 312 daAuts
